 Dungeon Crawl Stone Soup version 0.31-a0-841-g038b102fc3 (webtiles) character file.

Game seed: 14798417346467547418

23 demibob the Ruffian (level 2, 0/26 HPs)
             Began as a Draconian Chaos Knight on Sept 27, 2023.
             Was a Plaything of Xom.
             Succumbed to a kobold's poison
             ... on level 1 of the Dungeon.
             The game lasted 00:00:53 (540 turns).

demibob the Ruffian (Draconian Chaos Knight)         Turns: 540, Time: 00:00:54

Health: 0/26       AC:  4    Str: 14    XL:     2   Next: 75%
Magic:  2/2        EV: 12    Int: 12    God:    Xom [....*.]
Gold:   93         SH:  0    Dex: 10    Spells: 1/1 levels left

rFire   . .          .
                       - Unarmed
rCold   . . .        (no shield)
rNeg    . . .        (body armour unavailable)
rPois   .            (helmet restricted)
rElec   .            (no cloak)
rCorr   .            (no gloves)
SInv    .            (no boots)
Will    .....        (no amulet)
Stlth   +            (no ring)
HPRegen 0.24/turn    (no ring)
MPRegen 0.08/turn

%: no passive effects
@: lethally poisoned (0 -> -18)
A: AC +4, unfitting armour, cold-blooded
a: Renounce Religion


You were on level 1 of the Dungeon.
You worshipped Xom.
You were a beloved toy of Xom.
You visited 1 branch of the dungeon, and saw 1 of its levels.

You collected 93 gold pieces.


Innate Abilities, Weirdness & Mutations

Your plain brown scales are hard. (AC +4)
You cannot fit into any form of body armour.
You are cold-blooded and may be slowed by cold attacks.


   Skills:
 - Level 3.2 Fighting
 - Level 2.1 Dodging
 + Level 4.1 Unarmed Combat


You had one spell level left.
You didn't know any spells.
Your spell library was empty.

Inventory:

Magical Staves
 b - a staff of fire {!a}
Scrolls
 a - a scroll of butterflies

Dungeon Overview and Level Annotations

Branches:
Dungeon (1/15)

Altars:

#.........#
#....#
#.......#.#
######
#.......#.#
#≈§≈#
#.......#.####
#≈≈≈#§≈≈#
#.......#....##
#§≈≈#≈≈≈#≈≈
#.......#.##..#
#§≈≈#≈≈§#≈≈
#....##.#.###.#
#...#...#.§
###.###.#.###.##
#...#...#..
#.#.......#@.#
#...#...#..
#######.#.##K#
#...#...#.. #≈##
#..#.# .#
#.......#..
≈≈≈#####.# .#
##......#..
#≈≈#..#.# ..
###.......
##≈≈#..'.# ##
#####...
##.≈≈...### ####
##..≈≈...####
#.~.≈~~~....#


You could see a kobold.


Message History

The kobold throws a stone.
The stone barely misses you.
The kobold throws a stone.
The stone barely misses you.
The kobold hits you with a +2 dagger of venom.
You are poisoned.
You closely miss the kobold.
You feel sick.
The kobold hits you with a +2 dagger of venom.
You are more poisoned.
You barely miss the kobold.
You feel sick.
The kobold hits you with a +2 dagger of venom.
Unknown command.
You closely miss the kobold.
You feel sick.
The kobold hits you with a +2 dagger of venom.
* * * LOW HITPOINT WARNING * * *
You are lethally poisoned!
You are too injured to fight recklessly!
Unknown command.
You are too injured to fight recklessly!
Unknown command.
You aren't carrying any potions.
Unknown command.
You aren't carrying any potions.
As you read the scroll labelled OPIRONN ULAI, it crumbles to dust.
It is a scroll of enchant armour.
You aren't carrying any armour which can be enchanted further.
* * * LOW HITPOINT WARNING * * *
You feel very sick. The kobold closely misses you.
You closely miss the kobold. Your punch misses the kobold.
You die...
Xom titters!

Skill      XL: |  1  2 |
---------------+-------+-----
Unarmed Combat | 4 |  4.1
Fighting       | |  3.2
Dodging        | |  2.1

Action                     || total
---------------------------++-------
  Melee: Unarmed           ||    97
         Tailslap          ||     8
         Punch             ||     3
    Use: Scroll            ||     1
 Armour: Skin              ||    54
  Dodge: Dodged            ||    57

Levels and vault maps discovered:
D:1:      dpeg_arrival_water_fire, layout_basic, serial_rivers,
          chequers_serial_rivers_marsh, chequers_serial_rivers_micro_c,
          chequers_serial_rivers_room_a, chequers_serial_rivers_small_3,
          minmay_misc_feat_doors, dreamdust_mushroom_princess,
          minmay_tromino_v4_c

Notes
Turn   | Place    | Note
-------+----------+-------------------------------------------
     0 | D:1      | demibob the Draconian Chaos Knight began the quest for the
                  | Orb.
     0 | D:1      | Reached XP level 1. HP: 19/19 MP: 1/1
    40 | D:1      | XOM: silly message
   136 | D:1      | Reached XP level 2. HP: 8/26 MP: 2/2
   151 | D:1      | XOM: divination: detect items
   279 | D:1      | XOM: divination: detect items
   317 | D:1      | XOM: god gift: 28 gold pieces
   324 | D:1      | XOM: god gift: staff of fire
   406 | D:1      | Reached skill level 4 in Unarmed Combat
   540 | D:1      | Succumbed to a kobold's poison

Vanquished Creatures
  A dart slug (D:1)
  2 bats (D:1)
  An endoplasm (D:1)
  2 hobgoblins (D:1)
  2 quokkas (D:1)
  2 ball pythons (D:1)
  2 frilled lizards (D:1)
  5 goblins (D:1)
  2 kobolds (D:1)
  2 rats (D:1)
21 creatures vanquished.

Table legend: (Time is in decaauts)
 A = Elapsed time spent in this place.
 B = Non-inter-level travel time spent in this place.
 C = Inter-level travel time spent in this place.
 D = Time resting spent in this place.
 E = Time spent auto-exploring this place.
 F = Levels seen in this place.
 G = Mean time per level.
                   A        B        C        D        E       F      G
               +--------+--------+--------+--------+--------+-----+--------+
         Total |    544 |    544 |      0 |      0 |    387 |   1 |  544.0 |
       Dungeon |    544 |    544 |      0 |      0 |    387 |   1 |  544.0 |
               +--------+--------+--------+--------+--------+-----+--------+

Top non-repeatable levels by time:
     D:1: 544 daAuts

Table legend:
 A = Non-vault XP
 B = Vault XP
 C = Vault XP percentage of total XP
 D = Non-vault monster count
 E = Vault monster count
 F = Vault count percentage of total count
                 A         B        C        D         E       F
            +---------+---------+-------+---------+---------+-------
      Total |      31 |       3 |   8.8 |      19 |       2 |   9.5
            +---------+---------+-------+---------+---------+-------
        D:1 |      31 |       3 |   8.8 |      19 |       2 |   9.5
            +---------+---------+-------+---------+---------+-------
